 Dungeon Crawl Stone Soup version 0.22.1-6-g1668fe2c40 (webtiles) character file.

39 NoAnimeNoLife the Covered (level 3, 29/29 HPs)
             Began as a Demonspawn Fighter on Jan 20, 2019.
             Was a Follower of Cheibriados.
             Quit the game on level 2 of the Dungeon on Jan 21, 2019.
             The game lasted 00:02:53 (1286 turns).

NoAnimeNoLife the Covered (Demonspawn Fighter)      Turns: 1286, Time: 00:02:54

Health: 29/29      AC:  7    Str: 18    XL:     3   Next: 28%
Magic:  3/3        EV:  7    Int: 11    God:    Cheibriados [*.....]
Gold:   60         SH:  9    Dex: 15    Spells: 2/2 levels left

rFire    . . .     SeeInvis .   a - +0 flail
rCold    . . .     Gourm    .   c - +0 shield
rNeg     . . .     Faith    .   b - +0 scale mail
rPois    .         Spirit   .   (helmet restricted)
rElec    .         Reflect  .   (no cloak)
rCorr    .         Harm     .   e - +0 pair of gloves (curse)
MR       .....                  (no boots)
Stlth    ..........             (no amulet)
HPRegen  0.09/turn              (no ring)
MPRegen  0.08/turn              (no ring)

@: very slow
A: antennae 1
a: Bend Time, Renounce Religion


You were on level 2 of the Dungeon.
You worshipped Cheibriados.
Cheibriados was aware of your devotion.
You were not hungry.

You visited 1 branch of the dungeon, and saw 2 of its levels.

You collected 60 gold pieces.

Inventory:

Hand Weapons
 a - a +0 flail (weapon)
Armour
 b - a +0 scale mail (worn)
 c - a +0 shield (worn)
 e - a cursed +0 pair of gloves (worn)
Scrolls
 g - a scroll of teleportation {unknown}
 h - a scroll of amnesia {unknown}
 i - a scroll of random uselessness {unknown}
 j - a scroll of fear {unknown}
 k - a scroll of enchant armour {unknown}
 l - a scroll of noise {unknown}
 n - a scroll of immolation {unknown}
Potions
 d - 2 potions of might
 m - a potion of haste {unknown}
 o - a potion of berserk rage {unknown}
Comestibles
 f - 2 rations


   Skills:
 - Level 3.0 Fighting
 * Level 2.7 Maces & Flails
 + Level 3.1 Armour
 + Level 3.0 Shields


You had 2 spell levels left.
You didn't know any spells.
Your spell library was empty.

Dungeon Overview and Level Annotations

Branches:
Dungeon (2/15)

Altars:
Cheibriados


Innate Abilities, Weirdness & Mutations

You have a pair of small antennae on your head.


Message History

Your movement speed is very slow.
Your attack speed is quite slow (and is slowed by your insufficient shield Your base attributes are Str 16, Int 9, Dex 13.
Char dumped successfully.
Your movement speed is very slow.
Your attack speed is quite slow (and is slowed by your insufficient shield Your base attributes are Str 16, Int 9, Dex 13.
Okay, then.
Welcome back, NoAnimeNoLife the Demonspawn Fighter.
Cheibriados says: Take it easy.
Press ? for a list of commands and other information.
You open the door.
There is an open door here.
There is a stone staircase leading up here.
Annotate level on other end of current stairs? [Y]es or [N]o only, please.
Annotate level on other end of current stairs?
New annotation for D:2 (include '!' for warning):
Okay, then.
Are you sure you want to abandon this character and quit the game? (Confirm

#.#..#.#...# #.#...#....#
#.#........# #.##.......#
#.###......# #.#
##.....######
#.#####'#####...#######
#.#................÷...
#.#.##@##...÷.#...#####
###.#....................
#.....>..................
#.#.####...#####.#####.##
#...# #..........# .#
##### #)#.#.###..# #
#.....# #..# ###...# #...
........###


There were no monsters in sight!

Vanquished Creatures
  An adder (D:2)
  2 dart slugs (D:1)
  2 leopard geckos
  2 giant cockroaches (D:1)
  2 goblins
  A hobgoblin (D:1)
  4 jackals (D:1)
  3 kobolds (D:1)
  4 bats
  A frilled lizard (D:1)
22 creatures vanquished.

Notes
Turn   | Place    | Note
-------+----------+-------------------------------------------
     0 | D:1      | NoAnimeNoLife the Demonspawn Fighter began the quest for
                  | the Orb.
     0 | D:1      | Reached XP level 1. HP: 18/18 MP: 1/1
   297 | D:1      | Gained mutation: You have a pair of small antennae on your
                  | head. [demonic ancestry]
   297 | D:1      | Reached XP level 2. HP: 24/24 MP: 2/2
   934 | D:2      | Reached XP level 3. HP: 12/29 MP: 3/3
  1257 | D:2      | Found a faded altar of an unknown god.
  1268 | D:2      | Became a worshipper of Cheibriados the Contemplative
  1268 | D:2      | Reached * piety under Cheibriados
  1286 | D:2      | Quit the game

Skill      XL: |  1  2 |
---------------+-------+-----
Maces & Flails | 2 |  2.7
Armour         | 3 |  3.1
Shields        | 3 |  3.0
Fighting       | |  3.0

Action                   || total
-------------------------++-------
Melee: Flail             ||    88
  Use: Potion            ||     1
  Eat: Chunk             ||     1
Armor: Scale mail        ||    53
Dodge: Dodged            ||    35
Block: Shield            ||    44
